 Dungeon Crawl Stone Soup version 0.31-a0-365-gcf821cafb2 (webtiles) character file.

Game seed: 13938022282419969316

3007 rocky1 the Geomancer (level 9, -1/45 HPs)
             Began as a Deep Elf Earth Elementalist on July 28, 2023.
             Was an Initiate of Vehumet.
             Hit by a large rock thrown by a cyclops (36 damage)
             ... on level 8 of the Dungeon.
             The game lasted 00:13:24 (6364 turns).

rocky1 the Geomancer (Deep Elf Earth Elementalist)  Turns: 6364, Time: 00:13:26

Health: -1/45      AC:  5    Str:  5    XL:     9   Next: 54%
Magic:  20/23      EV: 15    Int: 25    God:    Vehumet [......]
Gold:   328        SH:  5    Dex: 21    Spells: 10/25 levels left

rFire   . . .        e - staff of earth
rCold   . . .        (no shield)
rNeg    . . .        a - +0 robe
rPois   .            y - +0 helmet
rElec   .            p - +1 cloak
rCorr   .            (no gloves)
SInv    .            (no boots)
Will    .....        s - amulet of reflection
Stlth   +++          i - +6 ring of dexterity
HPRegen 0.27/turn    (no ring)
MPRegen 0.18/turn

%: reflection
@: no status effects
A: no striking features
a: Renounce Religion


You were on level 8 of the Dungeon.
You worshipped Vehumet.
Vehumet was noncommittal.
You visited 2 branches of the dungeon, and saw 9 of its levels.

You collected 328 gold pieces.

Inventory:

Missiles
 k - 8 silver boomerangs
Armour
 a - a +0 robe (worn)
 p - a +1 cloak (worn)
 y - a +0 helmet (worn)
 z - +0 steam dragon scales
 C - a +0 troll leather armour
Magical Staves
 e - a staff of earth (weapon)
Jewellery
 i - a +6 ring of dexterity (left hand)
 n - the ring "Betrepaso" {Fire rElec Str+3 Slay-4}
   (You found it on level 2 of the Dungeon)

   [ring of fire]

   It enhances your fire magic.
   Str:       It affects your strength (+3).
   Slay:      It affects your accuracy & damage with ranged weapons and melee
   (-4).
   rF:        It protects you from fire.
   rC:        It makes you vulnerable to cold.
   rElec:     It insulates you from electricity.
 s - an amulet of reflection (around neck)
Wands
 w - a wand of flame (27)
Scrolls
 f - 3 scrolls of vulnerability
 h - 2 scrolls of blinking
 j - a scroll of immolation
 l - a scroll of fear
 m - a scroll of fog {unknown}
 q - 2 scrolls of teleportation
Potions
 b - 2 potions of magic
 c - a potion of berserk rage {unknown}
 d - 2 potions of curing {unknown}
 g - 2 potions of enlightenment {unknown}
 o - 2 potions of invisibility {unknown}
 r - 3 potions of mutation {unknown}
 t - a potion of degeneration {unknown}
 v - 2 potions of brilliance {unknown}
 x - a potion of attraction {unknown}
 A - a potion of might {unknown}
 B - a potion of heal wounds {unknown}


   Skills:
 - Level 5.4 Dodging
 - Level 5.6 Stealth
 + Level 8.5 Spellcasting
 + Level 6.1 Conjurations
 - Level 1.1 Transmutations
 * Level 10.1 Earth Magic


You had 10 spell levels left.
You knew the following spells:

 Your Spells              Type           Power      Damage    Failure   Level
a - Sandblast             Erth           100%       2d20      1%          1
b - Stone Arrow           Conj/Erth      100%       3d13      1%          3
c - Lee's Rapid Deconstr  Erth           37%        3d19*     2%          5
d - Leda's Unmaking       Conj/Erth      33%        9d6       30%         6

Your spell library contained the following spells:

 Spells                   Type           Power      Damage    Failure   Level
 Passwall                 Tmut/Erth      45%        N/A       1%          2
 Petrify                  Tmut/Erth      55%        N/A       5%          4
 Leda's Liquefaction      Hex/Erth       26%        N/A       7%          4
 Gell's Gravitas          Tloc           10%        N/A       17%         3
 Teleport Other           Tloc           10%        N/A       17%         3
 Dispersal                Tloc           5%         N/A       100%        6


Dungeon Overview and Level Annotations

Branches:
Dungeon (8/15)             Temple (1/1) D:7
   Lair: D:8-11

Altars:
Ashenzari
Cheibriados
Gozag
Hepliaklqana
Kikubaaqudgha
Nemelex Xobeh
Okawaru
Qazlal
Ru
Sif Muna
Trog
Uskayaw
Vehumet
Wu Jian
Xom
Yredelemnul
Zin
The Shining One

Shops:
D:5 (

Annotations:
Temple 2 transporters


Message History

You feel a surge of power!
The blast of sand hits the gnoll bouda!
You kill the gnoll bouda!
Vehumet accepts your kill. The gnoll barely misses you.
You block the gnoll's attack.
Aiming: Sandblast (safe; 1% risk of failure)
Press: ? - help, Q - select action, (/) - cycle Shift-Dir - straight line, f - gnoll
Aim: a gnoll, wielding a +0 whip (heavily wounded, covering ground quickly, 87% to hit)
You feel a surge of power!
The blast of sand hits the gnoll!!
You kill the gnoll!
Vehumet accepts your kill.
You start resting.
HP restored.
You start resting.
Magic restored.
Casting: Sandblast (safe; 1% risk of failure)
Confirm with . or Enter, or press ? or * to list all spells.
Okay, then.
Okay, then.
Found a stone staircase leading up.
m - a scroll labelled SESHRI GIQU FUA A cyclops comes into view.
The cyclops shouts!
The cyclops throws a large rock.
The large rock hits you!
A cyclops is nearby!
Casting: Sandblast (safe; 1% risk of failure)
Confirm with . or Enter, or press ? or * to list all spells.
Aiming: Lee's Rapid Deconstruction (dangerous; 2% risk of failure)
Press: ? - help, Dir - move target, f - you You cannot affect that.
Okay, then.
Casting: Lee's Rapid Deconstruction (dangerous; 2% risk of failure)
Confirm with . or Enter, or press ? or * to list all spells.
Aiming: Stone Arrow (safe; 1% risk of failure)
Press: ? - help, Shift-Dir - straight line, f - cyclops
Aim: a cyclops, quivering large rocks (98% to hit)
You feel a surge of power!
The stone arrow hits the cyclops!!
The cyclops is heavily wounded.
The cyclops throws a large rock.
The large rock hits you!!!
Ouch! That really hurt!
You die...

##.#..........##
........>......###
.................#
....)............#
#.....).........#
#..)............#
#.))............#
##..(.........#.# #
##..........##@# #
#.######........C.#
# #.# ##.........#
# #.# ##........#
####.#####
#...<....#
.........##
#........#
#.........+
#........#
.........##
#........#
#........#


You could see a cyclops.

Vanquished Creatures
  A manticore (D:8)
  A shadow (D:8)
  The ghost of randomguy2701 the Chopper, an amateur HOMo (D:4)
  A steam dragon (D:7)
  2 ice beasts
  A sky beast (D:7)
  2 ogres (D:5)
  2 centaurs
  3 phantoms
  A bullfrog (D:6)
  A kobold brigand (D:6)
  3 scorpions
  3 wights (D:7)
  3 howler monkeys (D:7)
  A hound (D:4)
  A jelly (D:6)
  A gnoll bouda (D:8)
  5 orc priests
  2 iguanas
  3 sleepcaps
  8 orc wizards
  5 adders
  12 gnolls
  3 worms (D:2)
  A dart slug (D:5)
  21 orcs
  3 endoplasms
  3 giant cockroaches
  5 goblins
  4 hobgoblins
  4 jackals (D:4)
  4 quokkas
  6 ball pythons
  7 bats
  2 frilled lizards
  5 kobolds
  6 rats
137 creatures vanquished.

Notes
Turn   | Place    | Note
-------+----------+-------------------------------------------
     0 | D:1      | rocky1 the Deep Elf Earth Elementalist began the quest for
                  | the Orb.
     0 | D:1      | Reached XP level 1. HP: 10/10 MP: 6/6
   253 | D:1      | Reached XP level 2. HP: 15/15 MP: 6/8
   940 | D:2      | Identified the ring "Betrepaso" {Fire rElec Str+3 Slay-4}
  1137 | D:2      | Reached XP level 3. HP: 19/19 MP: 6/9
  1389 | D:2      | Reached skill level 4 in Earth Magic
  1718 | D:3      | Reached XP level 4. HP: 24/24 MP: 7/11
  2096 | D:3      | Learned a level 3 spell: Stone Arrow
  2127 | D:3      | Found a faded altar of an unknown god.
  2164 | D:3      | Found a hazy altar of Hepliaklqana.
  2245 | D:4      | Noticed a phantom
  2395 | D:4      | Killed a phantom
  2396 | D:4      | Reached skill level 1 in Conjurations
  2396 | D:4      | Reached XP level 5. HP: 28/28 MP: 10/13
  2442 | D:4      | Reached skill level 5 in Earth Magic
  2584 | D:4      | Identified the +7 leather armour "Mefeeselyo" {rN+ Str-5
                  | SInv}
  2599 | D:4      | Reached XP level 6. HP: 32/32 MP: 10/14
  2961 | D:4      | Found a runed translucent gate.
  2961 | D:4      | Found a runed translucent gate.
  2961 | D:4      | Found a runed translucent gate.
  2963 | D:4      | Noticed randomguy2701's ghost (amateur HOMo)
  3096 | D:4      | Reached skill level 5 in Spellcasting
  3302 | D:4      | Reached XP level 7. HP: 36/36 MP: 13/16
  3565 | D:4      | Killed randomguy2701's ghost
  3566 | D:4      | Reached skill level 5 in Stealth
  3566 | D:4      | Reached skill level 6 in Earth Magic
  3749 | D:5      | Entered Level 5 of the Dungeon
  3831 | D:5      | Found Mufuddol's Weapon Emporium.
  3923 | D:5      | Reached skill level 5 in Dodging
  4160 | D:5      | Reached XP level 8. HP: 31/41 MP: 14/18
  4264 | D:5      | Reached skill level 7 in Earth Magic
  4281 | D:5      | Learned a level 5 spell: Lee's Rapid Deconstruction
  4296 | D:5      | Learned a level 6 spell: Leda's Unmaking
  4822 | D:6      | Reached skill level 8 in Earth Magic
  5360 | D:7      | Reached skill level 5 in Conjurations
  5360 | D:7      | Reached XP level 9. HP: 42/45 MP: 18/22
  5620 | D:7      | Found a staircase to the Ecumenical Temple.
  5624 | D:7      | Reached skill level 9 in Earth Magic
  5655 | Temple   | Found a transporter.
  5655 | Temple   | Found a transporter.
  5655 | Temple   | Found a transporter.
  5655 | Temple   | Found a transporter.
  5655 | Temple   | Entered the Ecumenical Temple
  5673 | Temple   | Became a worshipper of Vehumet
  6052 | D:8      | Noticed a manticore
  6105 | D:8      | Killed a manticore
  6106 | D:8      | Reached skill level 10 in Earth Magic
  6363 | D:8      | Noticed a cyclops
  6364 | D:8      | Hit by a large rock thrown by a cyclops

Illustrated notes

Levels and vault maps discovered:
D:1:      nagdon_arrival_double_spiral, layout_rooms
D:2:      layout_rooms, minmay_door_square, chequers_serial_rivers_small_b,
          minmay_surrounded
D:3:      layout_rooms, worldfamousw_hep_ancestral_shrine,
          dreamdust_ecumenical_altar_statues
D:4:      layout_basic, gammafunk_ghost_split
D:5:      layout_gridville, serial_shops, shop
D:6:      layout_basic
D:7:      layout_loops_ring, minmay_temple_entry_waves
D:8:      minmay_curly_fans, layout_rooms, mainiacjoe_overflow_two_lobes,
          gammafunk_temple_overflow_elements
Temple:   hellmonk_temple_divided_pantheon

Skill      XL: |  1  2  3  4  5  6  7  8  9 |
---------------+----------------------------+-----
Stealth        | 3 4 5 |  5.6
Dodging        | 3 4 5 |  5.4
Earth Magic    | 4 5 6 8 10 | 10.1
Spellcasting   | 4 5 7 8 |  8.5
Conjurations   | 1 2 3 5 6 |  6.1
Transmutations | |  1.1

Action                     |  1- 3 |  4- 6 |  7- 9 || total
---------------------------+-------+-------+-------++-------
  Melee: Staff             |       |       |    16 ||    16
   Cast: Sandblast         |    48 |    60 |   114 ||   222
         Lee's Rapid Decon |       |       |     2 ||     2
         Stone Arrow       |       |       |     1 ||     1
    Use: Scroll            |       |       |     8 ||     8
 Armour: Robe              |    12 |     4 |     5 ||    21
  Dodge: Dodged            |    12 |    16 |    33 ||    61
  Block: Other             |       |       |     7 ||     7

Table legend: (Time is in decaauts)
 A = Elapsed time spent in this place.
 B = Non-inter-level travel time spent in this place.
 C = Inter-level travel time spent in this place.
 D = Time resting spent in this place.
 E = Time spent auto-exploring this place.
 F = Levels seen in this place.
 G = Mean time per level.
                   A        B        C        D        E       F      G
               +--------+--------+--------+--------+--------+-----+--------+
         Total |   6474 |   6252 |    222 |   1181 |   4079 |   9 |  719.3 |
       Dungeon |   6439 |   6217 |    222 |   1181 |   4079 |   8 |  804.9 |
        Temple |     34 |     34 |      0 |      0 |      0 |   1 |   34.0 |
               +--------+--------+--------+--------+--------+-----+--------+

Top non-repeatable levels by time:
     D:4: 1468 daAuts
     D:2: 944 daAuts
     D:1: 787 daAuts
     D:6: 780 daAuts
     D:5: 765 daAuts
     D:7: 720 daAuts
     D:3: 609 daAuts
     D:8: 364 daAuts
  Temple: 34 daAuts
